[ AOE2 MATCH · #464436769 ]
1v1 RMMongols vs Celts
Player's team · WIN
Rival team · LOSS
[ REPLAY ANALYSIS · EXTRACTED FROM THE RECORDED GAME ]
Feudal
9:07
Castle
18:16
Imperial
34:10
| APM avg | 40.4 |
| APM peak | 68 |
| eAPM avg | 16.0 |
| Villagers / military | 92 / 52 |
Focus
⚔️ 25.6% · 🌾 74.4%
Mangudai ×29 · Archer ×11 · Trebuchet (Packed) ×6 · Scout Cavalry ×3 · Steppe Lancer ×3
Feudal
10:34
Castle
20:51
Imperial
41:57
| APM avg | 51.1 |
| APM peak | 111 |
| eAPM avg | 33.8 |
| Villagers / military | 89 / 87 |
Focus
⚔️ 17.3% · 🌾 82.7%
Woad Raider ×65 · Monk ×14 · Scorpion ×5 · Trebuchet (Packed) ×3
Match map
Initial resources + every placement click. Lines = walls · curves = elevation contours. ◆ gold · ⬟ stone · ● berries · ✦ relic · ◌ wall gap
Your base· Open — opponent sealed themselves in
NE07HEKIN6's base· ✓ Closed at 20:51 · 66t walls · no gate
Smoothed initial terrain · ◌ = detected wall gap · hover for details
Inputs per minute
— Shankzera - - NE07HEKIN6
Build order — Shankzera
First 150 of 247 actions detected
| 0:11 | Build | House |
| 0:13 | Create | Villager (Male) |
| 0:13 | Create | Villager (Male) |
| 0:14 | Create | Villager (Male) |
| 0:15 | Build | House |
| 0:42 | Create | Villager (Male) |
| 2:01 | Create | Villager (Male) |
| 2:01 | Create | Villager (Male) |
| 2:33 | Create | Villager (Male) |
| 3:25 | Research | Loom |
| 3:26 | Create | Villager (Male) |
| 3:26 | Create | Villager (Male) |
| 3:47 | Build | Lumber Camp |
| 3:53 | Build | Lumber Camp |
| 4:06 | Create | Villager (Male) |
| 4:06 | Create | Villager (Male) |
| 4:26 | Create | Villager (Male) |
| 4:45 | Build | House |
| 5:20 | Build | Mill |
| 5:23 | Create | Villager (Male) |
| 6:01 | Create | Villager (Male) |
| 6:57 | Research | Feudal Age |
| 7:43 | Build | House |
| 8:53 | Build | Barracks |
| 8:56 | Build | Palisade Wall |
| 9:00 | Build | Palisade Wall |
| 9:07 | Age | Feudal Age |
| 9:11 | Create | Villager (Male) |
| 9:12 | Create | Villager (Male) |
| 9:41 | Create | Villager (Male) |
| 10:08 | Create | Villager (Male) |
| 10:27 | Create | Villager (Male) |
| 10:30 | Build | Farm |
| 10:53 | Build | House |
| 11:17 | Build | Stable |
| 11:38 | Create | Villager (Male) |
| 11:39 | Create | Villager (Male) |
| 11:39 | Create | Villager (Male) |
| 11:39 | Create | Villager (Male) |
| 11:45 | Build | Farm |
| 12:03 | Build | Farm |
| 12:03 | Build | Farm |
| 12:07 | Create | Scout Cavalry |
| 12:08 | Create | Scout Cavalry |
| 12:16 | Build | Mining Camp |
| 12:20 | Create | Villager (Male) |
| 12:59 | Create | Scout Cavalry |
| 13:22 | Build | House |
| 13:25 | Build | Farm |
| 13:51 | Build | Archery Range |
| 14:08 | Create | Villager (Male) |
| 14:11 | Build | Farm |
| 14:23 | Build | Lumber Camp |
| 14:38 | Build | House |
| 14:46 | Create | Villager (Male) |
| 14:47 | Create | Villager (Male) |
| 15:31 | Build | House |
| 15:33 | Create | Villager (Male) |
| 15:36 | Research | Castle Age |
| 15:46 | Create | Archer |
| 16:06 | Build | House |
| 16:10 | Create | Villager (Male) |
| 16:11 | Create | Villager (Male) |
| 16:17 | Build | Mining Camp |
| 16:24 | Create | Archer |
| 16:50 | Create | Archer |
| 17:14 | Create | Archer |
| 17:39 | Build | Blacksmith |
| 17:40 | Create | Archer |
| 18:07 | Research | Bloodlines |
| 18:16 | Age | Castle Age |
| 18:34 | Create | Villager (Male) |
| 18:39 | Research | Fletching |
| 18:45 | Research | Crossbowman (upgrade) |
| 18:48 | Create | Villager (Male) |
| 18:49 | Create | Villager (Male) |
| 19:06 | Create | Archer |
| 19:14 | Build | Farm |
| 19:26 | Build | Town Center |
| 19:36 | Build | Farm |
| 19:37 | Create | Villager (Male) |
| 19:44 | Research | Horse Collar |
| 20:20 | Create | Villager (Male) |
| 20:26 | Build | Farm |
| 20:33 | Build | House |
| 20:34 | Build | House |
| 20:41 | Create | Villager (Male) |
| 20:46 | Create | Archer |
| 20:47 | Create | Archer |
| 21:15 | Create | Villager (Male) |
| 21:15 | Create | Villager (Male) |
| 21:35 | Create | Villager (Male) |
| 21:36 | Create | Villager (Male) |
| 21:46 | Create | Archer |
| 21:47 | Create | Archer |
| 21:47 | Create | Archer |
| 22:02 | Create | Villager (Male) |
| 22:05 | Create | Villager (Male) |
| 22:10 | Build | Farm |
| 22:34 | Create | Villager (Male) |
| 22:43 | Create | Villager (Male) |
| 22:57 | Build | Farm |
| 22:57 | Build | Farm |
| 22:58 | Build | Farm |
| 22:58 | Build | Farm |
| 23:32 | Build | Castle |
| 24:00 | Create | Steppe Lancer |
| 24:00 | Create | Steppe Lancer |
| 24:01 | Create | Steppe Lancer |
| 24:04 | Create | Villager (Male) |
| 24:23 | Create | Villager (Male) |
| 24:24 | Create | Villager (Male) |
| 24:35 | Build | Farm |
| 24:46 | Create | Villager (Male) |
| 24:47 | Create | Villager (Male) |
| 24:53 | Build | House |
| 24:55 | Build | House |
| 25:01 | Build | Farm |
| 25:01 | Build | Farm |
| 25:10 | Research | Fletching |
| 25:23 | Build | Watch Tower |
| 25:25 | Build | Mining Camp |
| 25:32 | Build | Mining Camp |
| 25:34 | Create | Mangudai |
| 25:35 | Create | Mangudai |
| 25:53 | Create | Villager (Male) |
| 25:55 | Research | Town Watch |
| 25:57 | Create | Villager (Male) |
| 26:11 | Build | Farm |
| 26:11 | Build | Farm |
| 26:12 | Build | Farm |
| 26:26 | Create | Villager (Male) |
| 26:33 | Create | Villager (Male) |
| 26:45 | Build | Farm |
| 26:54 | Create | Mangudai |
| 27:11 | Create | Mangudai |
| 27:31 | Research | Wheelbarrow |
| 27:38 | Build | Farm |
| 28:00 | Build | Watch Tower |
| 28:02 | Build | House |
| 28:08 | Build | House |
| 28:11 | Build | House |
| 28:19 | Build | House |
| 29:01 | Build | Watch Tower |
| 29:04 | Create | Villager (Male) |
| 29:04 | Create | Villager (Male) |
| 29:10 | Create | Mangudai |
| 29:11 | Create | Mangudai |
| 29:11 | Create | Mangudai |
| 29:28 | Create | Mangudai |
Build order — NE07HEKIN6
First 150 of 290 actions detected
| 0:01 | Create | Villager (Male) |
| 0:01 | Create | Villager (Male) |
| 0:01 | Create | Villager (Male) |
| 0:03 | Build | House |
| 0:04 | Build | House |
| 0:08 | Create | Villager (Male) |
| 0:08 | Create | Villager (Male) |
| 1:31 | Create | Villager (Male) |
| 1:36 | Create | Villager (Male) |
| 2:26 | Build | Lumber Camp |
| 2:27 | Create | Villager (Male) |
| 2:28 | Create | Villager (Male) |
| 2:59 | Create | Villager (Male) |
| 3:11 | Build | House |
| 3:19 | Create | Villager (Male) |
| 3:45 | Create | Villager (Male) |
| 3:56 | Create | Villager (Male) |
| 4:28 | Create | Villager (Male) |
| 4:29 | Create | Villager (Male) |
| 4:31 | Create | Villager (Male) |
| 4:33 | Create | Villager (Male) |
| 4:43 | Build | Mill |
| 4:50 | Create | Villager (Male) |
| 5:09 | Create | Villager (Male) |
| 5:14 | Build | House |
| 5:20 | Build | Palisade Wall |
| 5:28 | Create | Villager (Male) |
| 5:58 | Build | House |
| 6:00 | Build | Palisade Wall |
| 6:01 | Build | Palisade Wall |
| 6:09 | Build | Palisade Wall |
| 6:11 | Build | Palisade Wall |
| 6:18 | Build | Palisade Wall |
| 6:30 | Create | Villager (Male) |
| 7:14 | Create | Villager (Male) |
| 7:34 | Build | Palisade Wall |
| 7:43 | Build | Mining Camp |
| 7:55 | Research | Loom |
| 8:18 | Build | Mining Camp |
| 8:23 | Research | Feudal Age |
| 8:38 | Build | Farm |
| 8:44 | Create | Villager (Male) |
| 8:44 | Create | Villager (Male) |
| 9:12 | Build | Farm |
| 9:15 | Build | Farm |
| 9:19 | Create | Villager (Male) |
| 9:33 | Build | Farm |
| 9:39 | Build | Palisade Wall |
| 9:40 | Build | Palisade Wall |
| 9:42 | Build | Palisade Wall |
| 9:44 | Build | Palisade Wall |
| 9:45 | Build | Palisade Wall |
| 9:46 | Build | Palisade Wall |
| 9:56 | Build | Palisade Wall |
| 10:06 | Build | Farm |
| 10:10 | Create | Villager (Male) |
| 10:34 | Age | Feudal Age |
| 10:35 | Build | Palisade Wall |
| 10:39 | Create | Villager (Male) |
| 10:40 | Create | Villager (Male) |
| 10:51 | Build | Lumber Camp |
| 11:13 | Build | Farm |
| 11:22 | Build | Palisade Wall |
| 11:24 | Build | Palisade Wall |
| 11:45 | Create | Villager (Male) |
| 11:53 | Build | Farm |
| 11:55 | Build | Farm |
| 11:57 | Create | Villager (Male) |
| 12:09 | Build | House |
| 12:24 | Build | Palisade Wall |
| 12:29 | Build | Palisade Wall |
| 12:49 | Research | Double-Bit Axe |
| 12:54 | Research | Horse Collar |
| 13:12 | Build | House |
| 13:16 | Build | Palisade Wall |
| 13:18 | Build | Palisade Wall |
| 13:36 | Build | Palisade Wall |
| 13:39 | Build | Farm |
| 13:49 | Build | Farm |
| 14:00 | Build | Farm |
| 14:02 | Create | Villager (Male) |
| 14:03 | Create | Villager (Male) |
| 14:19 | Build | Lumber Camp |
| 14:49 | Create | Villager (Male) |
| 14:56 | Create | Villager (Male) |
| 15:08 | Build | Blacksmith |
| 15:31 | Build | Farm |
| 16:00 | Build | Market |
| 16:12 | Build | Palisade Wall |
| 16:22 | Build | Farm |
| 16:25 | Build | Farm |
| 16:28 | Research | Wheelbarrow |
| 16:36 | Build | Farm |
| 17:41 | Build | Market |
| 17:58 | Build | Watch Tower |
| 18:11 | Research | Castle Age |
| 18:32 | Research | Stone Mining |
| 18:35 | Research | Gold Mining |
| 18:57 | Build | House |
| 19:04 | Build | House |
| 19:13 | Build | Farm |
| 19:15 | Create | Villager (Male) |
| 19:16 | Create | Villager (Male) |
| 19:37 | Research | Forging |
| 19:38 | Research | Scale Mail Armor |
| 19:59 | Build | Farm |
| 20:12 | Build | Farm |
| 20:12 | Build | Farm |
| 20:31 | Build | Watch Tower |
| 20:44 | Create | Villager (Male) |
| 20:51 | Age | Castle Age |
| 21:02 | Build | Castle |
| 21:05 | Build | Palisade Wall |
| 21:11 | Build | Farm |
| 21:13 | Create | Villager (Male) |
| 21:13 | Create | Villager (Male) |
| 21:23 | Research | Bow Saw |
| 21:33 | Research | Heavy Plow |
| 21:38 | Create | Villager (Male) |
| 21:38 | Create | Villager (Male) |
| 22:08 | Research | Stone Shaft Mining |
| 22:21 | Build | Farm |
| 22:38 | Create | Woad Raider ×5 |
| 22:38 | Create | Woad Raider ×5 |
| 22:43 | Build | Farm |
| 22:51 | Build | Gate |
| 23:00 | Build | Gate |
| 23:12 | Research | Iron Casting |
| 23:12 | Research | Iron Casting |
| 23:16 | Build | Farm |
| 23:18 | Build | Farm |
| 23:18 | Build | Farm |
| 23:38 | Build | Farm |
| 23:48 | Create | Woad Raider |
| 23:48 | Create | Woad Raider |
| 23:58 | Research | Fletching |
| 24:29 | Build | Castle |
| 24:41 | Build | Farm |
| 25:04 | Create | Villager (Male) |
| 25:04 | Create | Villager (Male) |
| 25:04 | Create | Villager (Male) |
| 25:05 | Create | Villager (Male) |
| 25:05 | Create | Villager (Male) |
| 25:22 | Build | Barracks |
| 25:27 | Build | House |
| 25:29 | Build | House |
| 25:45 | Build | Lumber Camp |
| 25:53 | Create | Woad Raider ×2 |
| 25:53 | Create | Woad Raider ×2 |
| 26:00 | Research | Arson |
Match timeline
| 5:20 | NE07HEKIN6 · wall_segment Palisade Wall x10 |
| 6:00 | NE07HEKIN6 · wall_segment Palisade Wall x1 |
| 6:01 | NE07HEKIN6 · wall_segment Palisade Wall x1 |
| 6:09 | NE07HEKIN6 · wall_segment Palisade Wall x1 |
| 6:11 | NE07HEKIN6 · wall_segment Palisade Wall x1 |
| 6:18 | NE07HEKIN6 · wall_segment Palisade Wall x1 |
| 7:34 | NE07HEKIN6 · wall_segment Palisade Wall x15 |
| 8:53 | Shankzera · first_building Barracks |
| 8:56 | Shankzera · wall_segment Palisade Wall x5 |
| 9:00 | Shankzera · wall_segment Palisade Wall x11 |
| 9:07 | Shankzera · age_up feudal |
| 9:39 | NE07HEKIN6 · wall_segment Palisade Wall x3 |
| 9:40 | NE07HEKIN6 · wall_segment Palisade Wall x1 |
| 9:42 | NE07HEKIN6 · wall_segment Palisade Wall x1 |
| 9:44 | NE07HEKIN6 · wall_segment Palisade Wall x1 |
| 9:45 | NE07HEKIN6 · wall_segment Palisade Wall x1 |
| 9:46 | NE07HEKIN6 · wall_segment Palisade Wall x1 |
| 9:56 | NE07HEKIN6 · wall_segment Palisade Wall x1 |
| 10:34 | NE07HEKIN6 · age_up feudal |
| 10:35 | NE07HEKIN6 · wall_segment Palisade Wall x5 |
| 11:17 | Shankzera · first_building Stable |
| 11:22 | NE07HEKIN6 · wall_segment Palisade Wall x4 |
| 11:24 | NE07HEKIN6 · wall_segment Palisade Wall x6 |
| 12:24 | NE07HEKIN6 · wall_segment Palisade Wall x1 |
| 12:29 | NE07HEKIN6 · wall_segment Palisade Wall x5 |
| 13:16 | NE07HEKIN6 · wall_segment Palisade Wall x4 |
| 13:18 | NE07HEKIN6 · wall_segment Palisade Wall x1 |
| 13:36 | NE07HEKIN6 · wall_segment Palisade Wall x1 |
| 13:51 | Shankzera · first_building Archery Range |
| 16:12 | NE07HEKIN6 · wall_segment Palisade Wall x1 |
| 18:16 | Shankzera · age_up castle |
| 20:51 | NE07HEKIN6 · age_up castle |
| 21:02 | NE07HEKIN6 · first_building Castle |
| 21:05 | NE07HEKIN6 · wall_segment Palisade Wall x1 |
| 21:32 | NE07HEKIN6 · first_market_buy 100 wood |
| 23:32 | Shankzera · first_building Castle |
| 25:22 | NE07HEKIN6 · first_building Barracks |
| 26:39 | NE07HEKIN6 · first_building Monastery |
| 32:46 | NE07HEKIN6 · first_building Siege Workshop |
| 34:10 | Shankzera · age_up imperial |
| 35:15 | Shankzera · first_market_buy 100 wood |
| 41:57 | NE07HEKIN6 · age_up imperial |
| 45:41 | NE07HEKIN6 · resign |
[ AI ANALYSIS · 1 CREDIT ]
What really happened in this match?
Wolo.gg analyzes every decision: build order, eco, micro, common mistakes by bracket. Personalized analysis on WhatsApp or Discord in 30 seconds.
Civ guide
Mongols
Map guide
Ring Fortress
Perfil
Shankzera